 Dungeon Crawl Stone Soup version 0.31-a0-986-g5e6e4ef867 (webtiles) character file.

Game seed: 8706580683484809834

2193901 bakla the Envoy of Void (level 27, 154/223 (224) HPs)
             Began as a Demonspawn Fighter on Nov 19, 2023.
             Was a High Priest of Lugonu.
             Escaped with the Orb
             ... and 4 runes!
             The game lasted 02:54:55 (77822 turns).

bakla the Envoy of Void (Demonspawn Fighter)       Turns: 77822, Time: 02:54:55

HP:   154/223 (224) AC: 20    Str: 13 (15) XL:     27
MP:   28/37         EV: 33    Int: 23 (24) God:    Lugonu [*****.]
Gold: 3241          SH: 19    Dex: 27 (29) Spells: 20/46 levels left

rFire   + + +        O - +8 demon blade (distort)
rCold   + + +        G - +2 kite shield {rF+}
rNeg    + . .        N - +4 ring mail of the True Pharaoh {rCorr}
rPois   +            (helmet unavailable)
rElec   +            V - +2 cloak {Will+}
rCorr   +            P - +0 pair of gloves "Fyudisk" {*Corrode rElec rC+++}
SInv    +            q - +2 pair of boots of Vutsy {Drain rC++ Int+4 Dex+3}
Will    +++..        l - amulet of Vitality {RegenMP++ Regen++}
Stlth   +            t - ring "Moohiuvo" {rF++ rC++ rN+ EV+5 Dex-2}
HPRegen 2.97/turn    r - ring "Leadgh" {rPois rF+ rC+ Str-2 Dex+4}
MPRegen 1.05/turn

%: corrode self (3%), wizardry (x1)
@: studying 3 skills, lightly drained
A: antennae 3, demonic guardian 3, spiny 3, augmentation 3, big brain 3, talons
1, clever 1, deformed body, deterioration 2, fire resistance 1, regeneration 1,
subdued magic 1, inability to drink after injury 1
0: Orb of Zot
}: 4/15 runes: serpentine, barnacled, slimy, silver
a: Renounce Religion, Depart the Abyss, Banish, Corrupt, Enter the Abyss


You escaped.
You worshipped Lugonu.
Lugonu was extremely pleased with you.
You visited 12 branches of the dungeon, and saw 56 of its levels.
You visited the Abyss 2 times.
You visited 1 ziggurat, and saw 5 of its levels.
You also visited: Bailey, Ice Cave, Volcano, Wizlab and Desolation.

You collected 9180 gold pieces.
You spent 5939 gold pieces at shops.

Inventory:

Hand Weapons
 c - the +8 autumn katana {manifold assault}
   (You took it off a deep elf annihilator on level 3 of the Elven Halls)
 O - a +8 demon blade of distortion (weapon)
Missiles
 i - 2 throwing nets
 W - 10 curare-tipped darts
Armour
 k - a +5 ring mail of willpower
 o - a +3 buckler of protection
 q - the +2 pair of boots of Vutsy (worn) {Drain rC++ Int+4 Dex+3}
   (You acquired it in a bailey)

   Int+4:     It affects your intelligence (+4).
   Dex+3:     It affects your dexterity (+3).
   rC++:      It greatly protects you from cold.
   Drain:     It drains your maximum health when unequipped.
 G - a +2 kite shield of fire resistance (worn)
 N - the +4 ring mail of the True Pharaoh (worn) {rCorr}
   (Okawaru gifted it to you on level 4 of the Lair of Beasts)

   rCorr:     It protects you from acid and corrosion.
 P - the +0 pair of gloves "Fyudisk" (worn) {*Corrode rElec rC+++}
   (You found it on level 5 of the Lair of Beasts)

   rC+++:     It renders you almost immune to cold.
   rElec:     It insulates you from electricity.
   *Corrode:  It may corrode you when you take damage.
 V - a +2 cloak of willpower (worn)
Jewellery
 l - the amulet of Vitality (around neck) {RegenMP++ Regen++}
   (You found it on level 5 of the Pits of Slime)

   [amulet of magic regeneration]

   RegenMP:   It increases your rate of magic regeneration.
   Regen++:   It increases your rate of health regeneration.
 r - the ring "Leadgh" (right hand) {rPois rF+ rC+ Str-2 Dex+4}
   (You found it on level 5 of the Dungeon)

   [ring of protection from fire]

   Str-2:     It affects your strength (-2).
   Dex+4:     It affects your dexterity (+4).
   rF+:       It protects you from fire.
   rC+:       It protects you from cold.
   rPois:     It protects you from poison
 s - the ring "Sytar" {rF+ rN+ Will+}
   (You found it in the Desolation of Salt)

   [ring of positive energy]

   rF+:       It protects you from fire.
   rN+:       It protects you from negative energy.
   Will+:     It increases your willpower.
 t - the ring "Moohiuvo" (left hand) {rF++ rC++ rN+ EV+5 Dex-2}
   (You found it on level 3 of the Elven Halls)

   [ring of evasion]

   EV+5:      It affects your evasion (+5).
   Dex-2:     It affects your dexterity (-2).
   rF++:      It greatly protects you from fire.
   rC++:      It greatly protects you from cold.
   rN+:       It protects you from negative energy.
 x - the amulet of the Four Winds {rN+ Will+++ Clar}
   (You found it on level 3 of the Elven Halls)

   [amulet of nothing]

   rN+:       It protects you from negative energy.
   Will+++:   It greatly increases your willpower.
   Clar:      It protects you from confusion, rage, mesmerisation and fear.
 K - the ring of Sunlight {Wiz rF+ Slay+3}
   (You found it in the Desolation of Salt)

   [ring of wizardry]

   Wiz:       It improves your spell success rate.
   Slay+3:    It affects your accuracy & damage with ranged weapons and melee
   (+3).
   rF+:       It protects you from fire.
 M - the ring of Uqeigg {Will+ Str+3 Dex+3 Slay+4}
   (You found it on level 3 of the Elven Halls)

   [ring of slaying]

   Str+3:     It affects your strength (+3).
   Dex+3:     It affects your dexterity (+3).
   Slay+4:    It affects your accuracy & damage with ranged weapons and melee
   (+4).
   Will+:     It increases your willpower.
 U - the ring "Amuntya" {Fire Will+ Dex+3}
   (You found it in a wizard's laboratory)

   [ring of fire]

   Fire:      It enhances your fire magic.
   Dex+3:     It affects your dexterity (+3).
   rF+:       It protects you from fire.
   rC-:       It makes you vulnerable to cold.
   Will+:     It increases your willpower.
 Y - the ring of Siskuec {Str+6 Int+3 Dex-4 Slay+4}
   (You found it on level 2 of the Vaults)

   [ring of strength]

   Str+6:     It affects your strength (+6).
   Int+3:     It affects your intelligence (+3).
   Dex-4:     It affects your dexterity (-4).
   Slay+4:    It affects your accuracy & damage with ranged weapons and melee
   (+4).
 Z - the amulet of Birdsong {Faith rElec}
   (You found it in the Desolation of Salt)

   [amulet of faith]

   Faith:     It allows you to gain divine favour quickly.
   rElec:     It insulates you from electricity.
Wands
 w - a wand of iceblast (45)
 z - a wand of paralysis (72)
 B - a wand of quicksilver (51)
 X - a wand of digging (12)
Scrolls
 n - 6 scrolls of enchant armour
 y - 2 scrolls of silence
 A - 14 scrolls of fog
 E - 5 scrolls of poison
 H - 4 scrolls of revelation
 I - 5 scrolls of immolation
 L - 14 scrolls of teleportation
 Q - 5 scrolls of vulnerability
 S - 4 scrolls of fear
Potions
 a - 2 potions of ambrosia
 b - 3 potions of invisibility
 d - 10 potions of might
 e - 17 potions of brilliance
 f - 2 potions of heal wounds
 g - 3 potions of haste
 h - 11 potions of attraction
 m - 26 potions of curing
 p - 4 potions of berserk rage
 v - 4 potions of cancellation
 C - 5 potions of enlightenment
 F - 3 potions of resistance
 R - 4 potions of lignification
 T - 3 potions of mutation
Miscellaneous
 j - a lightning rod (4/4)
 D - a phantom mirror


   Skills:
 - Level 20.0 Fighting
 - Level 14.3 Long Blades
 + Level 18.2 Armour
 - Level 20.0 Dodging
 + Level 17.2 Shields
 - Level 10.0 Spellcasting
 - Level 15.0 Summonings
 - Level 15.0 Translocations
 - Level 8.7 Transmutations
 - Level 20.1 Invocations
 - Level 4.0 Evocations


You had 20 spell levels left.
You knew the following spells:

 Your Spells              Type           Power      Damage    Failure   Level
a - Animate Armour        Summ/Erth      100%       N/A       2%          4
b - Vhi's Electric Charg  Tloc/Air       100%       N/A       2%          4
c - Manifold Assault      Tloc           84%        N/A       1%          4
d - Wereblood             Tmut           63%        N/A       1%          2
e - Summon Mana Viper     Hex/Summ       59%        N/A       6%          5
f - Malign Gateway        Summ/Tloc      42%        N/A       9%          7

Your spell library contained the following spells:

 Spells                   Type           Power      Damage    Failure   Level
 Summon Small Mammal      Summ           100%       N/A       0%          1
 Blink                    Tloc           100%       N/A       0%          2
 Call Imp                 Summ           100%       N/A       0%          2
 Lesser Beckoning         Tloc           100%       N/A       0%          2
 Sting                    Tmut/Pois      100%       1d8       1%          1
 Momentum Strike          Conj/Tloc      100%       3d10      1%          2
 Passwall                 Tmut/Erth      35%        N/A       1%          2
 Call Canine Familiar     Summ           84%        N/A       1%          3
 Summon Guardian Golem    Hex/Summ       59%        N/A       1%          3
 Volatile Blastmotes      Fire/Tloc      100%       2d18      1%          3
 Passage of Golubria      Tloc           84%        N/A       1%          4
 Summon Forest            Summ/Tloc      42%        N/A       1%          5
 Summon Cactus Giant      Summ           42%        N/A       1%          6
 Dimensional Bullseye     Hex/Tloc       29%        N/A       2%          4
 Iskenderun's Mystic Bla  Conj/Tloc      59%        2d12      2%          4
 Summon Ice Beast         Ice/Summ       59%        N/A       2%          4
 Summon Lightning Spire   Summ/Air       59%        N/A       2%          4
 Foxfire                  Conj/Fire      60%        2x1d7     4%          1
 Kiss of Death            Conj/Necr      60%        2d10      4%          1
 Magic Dart               Conj           60%        1d6       4%          1
 Necrotise                Necr           60%        1d7       4%          1
 Sandblast                Erth           30%        2d9       4%          1
 Shock                    Conj/Air       60%        1d6       4%          1
 Ignite Poison            Fire/Tmut/Pois 34%        N/A       4%          3
 Cigotuvi's Dreadful Rot  Necr/Pois/Air  30%        N/A       8%          2
 Ensorcelled Hibernation  Hex/Ice        30%        N/A       8%          2
 Jinxbite                 Hex            30%        N/A       8%          2
 Poisonous Vapours        Pois/Air       30%        N/A       8%          2
 Scorch                   Fire           30%        2d6       8%          2
 Static Discharge         Conj/Air       30%        3-5/arc   8%          2
 Sublimation of Blood     Necr           15%        N/A       8%          2
 Petrify                  Tmut/Erth      43%        N/A       9%          4
 Monstrous Menagerie      Summ           42%        N/A       9%          7
 Summon Hydra             Summ           42%        N/A       9%          7
 Dazzling Flash           Conj/Hex       30%        N/A       16%         3
 Hailstorm                Conj/Ice       15%        3d5       16%         3
 Inner Flame              Hex/Fire       15%        N/A       16%         3
 Mephitic Cloud           Conj/Pois/Air  15%        N/A       16%         3
 Stone Arrow              Conj/Erth      30%        3d8       16%         3
 Swiftness                Air            15%        N/A       16%         3
 Tukima's Dance           Hex            15%        N/A       16%         3
 Vampiric Draining        Necr           15%        2d7       16%         3
 Alistair's Intoxication  Tmut/Pois      28%        N/A       24%         5
 Irradiate                Conj/Tmut      21%        3d18      24%         5
 Yara's Violent Unravell  Hex/Tmut       21%        3d10      24%         5
 Airstrike                Air            7%         2d(2-18)  45%         4
 Anguish                  Hex/Necr       7%         N/A       45%         4
 Animate Dead             Necr           15%        N/A       45%         4
 Brom's Barrelling Bould  Conj/Erth      15%        2d4       45%         4
 Cause Fear               Hex            7%         N/A       45%         4
 Dispel Undead            Necr           15%        3d10      45%         4
 Flame Wave               Conj/Fire      15%        2d7       45%         4
 Fulminant Prism          Conj/Hex       7%         3d7       45%         4
 Leda's Liquefaction      Hex/Erth       7%         N/A       45%         4
 Olgreb's Toxic Radiance  Pois           15%        N/A       45%         4
 Summon Horrible Things   Summ           42%        N/A       56%         8
 Eringya's Noxious Bog    Tmut/Pois      21%        4d6       77%         6
 Agony                    Necr           15%        N/A       78%         5
 Arcjolt                  Conj/Air       7%         1d17      78%         5
 Borgnjor's Vile Clutch   Necr/Erth      7%         N/A       78%         5
 Freezing Cloud           Conj/Ice/Air   7%         6-21      78%         5
 Iskenderun's Battlesphe  Conj           15%        2d7       78%         5
 Lee's Rapid Deconstruct  Erth           7%         3d7*      78%         5
 Silence                  Hex/Air        7%         N/A       78%         5
 Haunt                    Necr/Summ      29%        N/A       88%         7
 Spellforged Servitor     Conj/Summ      29%        N/A       88%         7
 Bombard                  Conj/Erth      7%         9d2       100%        6
 Death Channel            Necr           7%         N/A       100%        6
 Plasma Beam              Fire/Air       7%         2x1d18    100%        6
 Simulacrum               Ice/Necr       7%         N/A       100%        6
 Starburst                Conj/Fire      7%         6d4       100%        6
 Enfeeble                 Hex            7%         N/A       100%        7
 Orb of Destruction       Conj           7%         9d6       100%        7
 Ozocubu's Refrigeration  Ice            7%         4d9       100%        7
 Borgnjor's Revivificati  Necr           7%         N/A       100%        8
 Discord                  Hex            7%         N/A       100%        8
 Ignition                 Fire           7%         3d5       100%        8
 Lehudib's Crystal Spear  Conj/Erth      7%         10d3      100%        8
 Maxwell's Capacitive Co  Air            7%         ∞         100%        8
 Chain Lightning          Conj/Air       7%         3d10      100%        9
 Death's Door             Necr           7%         N/A       100%        9
 Fire Storm               Conj/Fire      7%         8d2       100%        9
 Polar Vortex             Ice            7%         12d1*     100%        9
 Shatter                  Erth           7%         3d10*     100%        9


Dungeon Overview and Level Annotations

Branches:
Dungeon (15/15)            Temple (1/1) D:5            Lair (5/5) D:8
 Shoals (4/4) Lair:2        Snake (4/4) Lair:2        Slime (5/5) Lair:4
    Orc (2/2) D:9             Elf (3/3) Orc:2        Vaults (5/5) D:13
  Crypt (3/3) Vaults:2       Tomb (0/3) Crypt:3      Depths (4/4) D:15
    Zot (5/5) Depths:4     Bailey (visited)           IceCv (visited)
Volcano (visited)          WizLab (visited)         Desolation (visited)

Altars:
Ashenzari
Cheibriados
Dithmenos
Fedhas
Gozag
Hepliaklqana
Kikubaaqudgha
Makhleb
Nemelex Xobeh
Okawaru
Qazlal
Ru
Sif Muna
Trog
Uskayaw
Vehumet
Wu Jian
Xom
Yredelemnul
Jiyva
Lugonu

Shops:
Orc:1 (   Orc:2 (((=[   Elf:1 ?*(   Elf:3 *   Shoals:2 [?*!(
Snake:3 [=!(*?*(*   Vaults:1 [[!*   Vaults:5 [   Depths:1 [(!(   Depths:2 :
Depths:3 [   Depths:4 (=

Portals:
Hell: D:15 Depths:1 Depths:2 Depths:3 Depths:4
Abyss: D:9 Depths:3
Pandemonium: Depths:1 Depths:2
Trove: D:12 (give horn of Geryon)

Annotations:
D:1 corrupted
D:2 corrupted
D:6 exclusion: orc wizard
D:7 2 runed translucent doors
D:9 2 transporters, logorrheac's ghost, novice TrBe
D:10 2 transporters
D:12 2 transporters
D:13 3 runed translucent doors, corrupted
Snake:4 Roxanne
Elf:2 3 runed translucent doors
Elf:3 corrupted
Vaults:1 Uppifusa's ghost, adept BaHs
Vaults:2 1 transporter, corrupted
Depths:1 exclusion: obsidian statue
Zot:3 exclusion: upstairs
Zot:4 exclusion: 2 upstairs
Zot:5 exclusions: 2 upstairs and 1 more exclusion
Abyss:1 Parghit; Vashnia


Innate Abilities, Weirdness & Mutations

You have a pair of large antennae on your head. (SInv)
A powerful demonic guardian rushes to your aid.
You are completely covered in sharp spines.
Your magical and physical power is greatly enhanced at high health.
You have an absolutely massive brain. (Int +6, Wiz)
You have sharp toenails.
Your mind is acute. (Int +4, Str/Dex -1)
Armour fits poorly on your strangely shaped body.
Your body often deteriorates upon taking damage.
Your flesh is heat resistant. (rF+)
Your natural rate of healing is unusually fast.
Your spells are a little easier to cast, but a little less powerful.
You occasionally lose the ability to drink potions when taking damage.


Message History

Unknown command.
You block the orange demon's attack. x2
The thrashing horror barely misses you.
You block the thrashing horror's attack.
The quicksilver dragon misses you.
The quicksilver dragon closely misses you.
The thrashing horror is struck by your spines.
The thrashing horror closely misses you.
You block the thrashing horror's attack.
The ynoxinul is engulfed in blazing flames.
Unknown command.
You block the thrashing horror's attack. x2
The thrashing horror is struck by your spines.
The thrashing horror closely misses you.
The thrashing horror completely misses you.
The ynoxinul is engulfed in blazing flames.
You hear a grinding noise.
You block the thrashing horror's attack. x2
The small abomination hits you but does no damage.
The smoke demon is engulfed in blazing flames.
You block the quicksilver dragon's attack.
The quicksilver dragon completely misses you.
There is a staircase leading out of the dungeon here.
Unknown command.
You block the large abomination's attack.
The ynoxinul gestures.
To return, you must find a gate leading back.
Killing monsters will force the Abyss to allow you passage.
This branch contains the abyssal rune of Zot.
Unknown command.
You pass through the gate.
Welcome back to the Dungeon!
Level annotation: corrupted
There is a staircase leading out of the dungeon here.
Unknown command.
Unknown command.
Unknown command.
Unknown command.
Unknown command.
You have escaped!

.# ###.......######..###### .#
#....55X.......##......# ##
#.##.#.33####.#.######.#
#.{....5.h..#...{.^....#
########..h...######...# ##
#######..x.{.{35#.#..........###.
......#..#XX###4x..###..##...#...
#######..5..x3...#X.D........#..#
#######35Z.@X.#{#########..#
#...{#>xs..3...x...).......#
....4X4XX.#x#...x##........#
##..#3#####.s#4X..##.......#
##,##, #.#.(X..##.......#
..##...b##.......#
X##.....##.......# #
{#..#.##.......# #....##########


You could see a neutral quicksilver dragon (summoned, wandering), a neutral
tentacled starspawn (summoned, distracted), 2 neutral demonic crawlers, a
neutral orange demon (summoned, wandering), 4 neutral thrashing horrors, 6
neutral large abominations, a neutral ice devil (summoned, wandering), a neutral
sixfirhy (summoned, wandering), 4 neutral smoke demons, a neutral raiju
(summoned, distracted), 2 neutral ynoxinuls, 2 neutral chaos spawn, 7 neutral
small abominations, a neutral fire bat (summoned, wandering), 6 neutral ufetubi
and a neutral nagaraja zombie (summoned, wandering).

Vanquished Creatures
  the Royal Jelly (Slime:5)
  A dread lich (Vaults:5)
  An orb of fire (Zot:5)
  2 ancient liches
  Mennas (Depths:4)
  2 juggernauts
  Sojobo (Crypt:2)
  Josephina (Crypt:2)
  3 Killer Klowns (Zot:5)
  A curse toe (Zot:1)
  Bai Suzhen (Vaults:4)
  Margery (Crypt:2)
  2 caustic shrikes (Depths:3)
  6 golden dragons
  Nikola (Snake:4)
  A bone dragon (Depths:4)
  5 electric golems
  10 tentacled monstrosities
  7 liches
  An Ice Fiend (D:3)
  20 Orb Guardians
  7 sphinxes
  6 titans
  3 quicksilver dragons
  A deep elf master archer (Elf:3)
  17 acid blobs
  An ancient champion (Crypt:2)
  An Executioner (Depths:1)
  9 tengu reavers
  A kraken (Shoals:4)
  2 draconian monks
  9 shadow dragons
  Aizul (Snake:4)
  5 nagarajas
  8 rockslimes
  9 storm dragons
  Ilsuiw (Shoals:2)
  A deep elf sorcerer (Elf:3)
  3 draconian knights
  A revenant (Crypt:1)
  22 vault wardens
  10 fire giants
  18 frost giants
  11 azure jellies
  A ghost moth (shapeshifter) (Vaults:5)
  2 angels (WizLab)
  An iron dragon (Depths:4)
  2 curse skulls (Crypt:3)
  2 ghost moths (Zot:3)
  3 balrugs
  2 draconian scorchers
  3 imperial myrmidons (Desolation)
  A caustic shrike zombie (Crypt:3)
  4 ghouls
  2 juggernaut zombies (Crypt:3)
  4 draconian stormcallers
  28 ironbound preservers
  6 orc warlords
  5 reapers (Crypt:3)
  2 spriggan defenders (Depths:4)
  A quicksilver ooze (shapeshifter) (Vaults:3)
  21 very ugly things
  4 formless jellyfish
  A draconian annihilator (Zot:3)
  3 war gargoyles
  10 quicksilver oozes
  A caustic shrike skeleton (Crypt:1)
  14 stone giants
  3 vampire knights
  6 ironbound thunderhulks
  An eleionoma (shapeshifter) (Vaults:5)
  5 black draconians
  4 green draconians
  3 halazid warlocks (Desolation)
  3 white draconians
  A dire elephant (shapeshifter) (D:13)
  2 spark wasps
  3 deep elf demonologists
  5 deep elf annihilators
  5 purple draconians
  4 red draconians
  11 dire elephants
  6 yellow draconians
  13 eidola
  A blizzard demon (Zot:5)
  A merfolk javelineer (Shoals:4)
  8 merfolk impalers
  16 ettins
  9 fire dragons
  5 jiangshi (Crypt:1)
  5 crystal guardians
  A quicksilver dragon zombie (Crypt:3)
  A mummy priest (Crypt:3)
  10 deep elf death magi
  A deep elf high priest (Elf:3)
  8 ragged hierophants (Desolation)
  14 yaktaur captains
  3 servants of whispers (Desolation)
  An entropy weaver (Vaults:2)
  4 rakshasas
  15 peacekeepers
  30 vault guards
  8 ice dragons
  2 hell beasts
  2 hydras
  5 salamander tyrants
  19 anacondas
  15 great orbs of eyes
  A catoblepas (Lair:5)
  12 ironbound frosthearts
  An alligator (shapeshifter) (Vaults:5)
  An ogre mage (Vaults:5)
  3 spriggan air magi
  5 death knights
  6 merfolk aquamancers
  12 dancing weapons
  A two-headed ogre (D:10)
  5 boulder beetles
  13 centaur warriors
  2 merfolk avatars
  7 naga warriors
  13 deep troll shamans
  4 tengu warriors
  3 vampire magi (Crypt:1)
  18 deep troll earth magi
  10 shock serpents
  3 titan zombies
  4 spriggan berserkers
  11 naga sharpshooters
  A hell hog (Depths:2)
  2 occultists (Volcano)
  8 soul eaters
  7 orc high priests
  10 deep elf knights
  4 sun demons
  6 hell knights (Crypt:2)
  2 shadow wraiths
  17 skeletal warriors
  A fire crab (D:14)
  4 skysharks
  5 salamander mystics
  2 bunyip zombies (Crypt:3)
  Lodul (D:10)
  2 glowing orange brains
  4 death drakes (Depths:3)
  A deep troll (shapeshifter) (Depths:4)
  11 iron trolls
  68 deep trolls
  8 large abominations (Depths:3)
  5 flayed ghosts
  3 naga ritualists
  6 sea snakes
  A glowing orange brain (shapeshifter) (Depths:3)
  2 anaconda zombies
  2 sea snakes (shapeshifter) (Vaults:5)
  8 deep elf archers
  A shadow demon (Zot:5)
  18 phantasmal warriors
  5 arcanists
  3 tengu zombies
  A bog body (Crypt:1)
  20 necromancers
  2 bunyip skeletons
  27 ironbound convokers
  A lindwurm (shapeshifter) (Elf:2)
  14 lindwurms
  26 deep elf pyromancers
  16 orc knights
  5 orc sorcerers
  23 deep elf zephyrmancers
  9 mana vipers
  13 harpies
  A shadow dragon skeleton (Crypt:1)
  An oklob plant (Lair:5)
  14 cyclopes
  A human zombie (Vaults:4)
  6 shining eyes
  47 ugly things
  11 fauns
  A wolf spider (Crypt:3)
  A manticore (shapeshifter) (Vaults:5)
  A centaur zombie (Crypt:1)
  18 moths of wrath
  4 toenail golems (Volcano)
  3 stone giant skeletons
  19 salamanders
  16 manticores
  3 elephants
  6 guardian serpents
  A dire elephant zombie (Crypt:3)
  A titan simulacrum (Crypt:1)
  24 vault sentinels
  10 merfolk sirens
  An ice statue (IceCv)
  11 naga magi
  4 centaur skeletons
  3 molten gargoyles (WizLab)
  4 water nymphs
  20 black mambas
  9 gargoyles
  2 storm dragon simulacra (Vaults:4)
  2 eyes of devastation
  7 torpor snails
  18 cane toads
  2 smoke demons
  3 dire elephant skeletons
  A grey draconian zombie (Crypt:2)
  A nameless horror (Depths:3)
  An alligator snapping turtle zombie (Crypt:1)
  4 spriggan zombies
  An unseen horror (shapeshifter) (D:13)
  A kobold demonologist (D:13)
  2 rime drakes
  A hellion (D:13)
  5 unseen horrors
  15 freezing wraiths
  12 komodo dragons
  A yaktaur zombie (Vaults:4)
  2 tormentors
  6 guardian mummies
  6 tengu conjurers
  2 human skeletons (Vaults:4)
  34 yaktaurs
  A hydra zombie (Crypt:3)
  A minotaur skeleton (Crypt:2)
  14 hellwings
  13 ice devils (IceCv)
  3 tyrant leeches (Lair:5)
  7 trolls
  An anaconda simulacrum (IceCv)
  22 merfolk
  A red devil (Zot:1)
  8 wind drakes
  17 polar bears
  A harpy zombie (Crypt:3)
  9 hornets
  3 harpy skeletons (Crypt:3)
  A tarantella (shapeshifter) (Vaults:5)
  8 blink frogs (Lair:5)
  52 saltlings (Desolation)
  7 dream sheep
  4 snapping turtles
  A hydra skeleton (Crypt:3)
  A merfolk zombie (Crypt:1)
  2 raiju (Lair:5)
  An ettin zombie (Crypt:3)
  A fire giant simulacrum (Vaults:4)
  3 jumping spiders (Crypt:3)
  85 slime creatures
  A stone giant simulacrum (Crypt:2)
  A centaur simulacrum (D:15)
  8 glass eyes
  2 ynoxinuls
  2 shadows (D:12)
  7 wraiths
  A merfolk skeleton (Crypt:3)
  3 air elementals
  3 fire elementals
  2 spriggans (Depths:4)
  5 wyverns
  2 spriggan skeletons
  4 humans (Volcano)
  76 yaks
  14 water elementals
  A dire elephant simulacrum (Crypt:2)
  7 basilisks
  An ushabti (Zig:4)
  Grum (D:10)
  2 golden eyes (Zot:1)
  2 death yak simulacra (IceCv)
  5 small abominations
  A steam dragon (D:7)
  2 chaos spawn
  4 redbacks (Crypt:3)
  8 vampire mosquitoes (D:13)
  2 harpy simulacra (IceCv)
  7 wargs
  34 nagas
  A naga zombie (Crypt:3)
  An acid dragon (D:9)
  A swamp worm (shapeshifter) (Vaults:5)
  10 water moccasins
  Edmund (D:4)
  2 hydra simulacra (IceCv)
  A naga skeleton (Crypt:3)
  15 hell hounds (Lair:5)
  A swamp dragon zombie (Crypt:3)
  An ice beast (D:7)
  2 sky beasts (D:7)
  A hornet zombie (Crypt:1)
  A demonspawn skeleton (Crypt:1)
  A snapping turtle zombie (Crypt:2)
  20 ogres
  A swamp drake (D:9)
  21 black bears
  44 orc warriors
  29 wolves
  An ettin simulacrum (Crypt:1)
  8 boggarts
  A tengu (shapeshifter) (Vaults:5)
  An elephant skeleton (Crypt:1)
  17 centaurs
  2 phantoms
  6 bullfrogs
  6 kobold brigands
  6 necrophages
  7 earth elementals
  3 scorpions (D:5)
  6 cane toad simulacra (IceCv)
  3 gnoll sergeants
  5 wights
  7 wyvern skeletons (Crypt:3)
  17 killer bees
  5 hounds
  3 iron imps (D:9)
  5 jellies
  34 orc priests
  A gnoll bouda (D:4)
  3 iguanas
  22 orc wizards
  2 lightning spires (WizLab)
  4 polar bear simulacra (IceCv)
  4 spriggan simulacra
  8 wolf simulacra (IceCv)
  A hound zombie (Crypt:1)
  A mummy (Crypt:3)
  A howler monkey zombie (Crypt:2)
  5 adders
  15 gnolls
  4 shadow imps
  17 white imps
  3 ufetubi
  2 worms (D:2)
  A dart slug (D:1)
  111 orcs
  5 endoplasms
  2 giant cockroaches
  10 goblins
  7 hobgoblins
  9 jackals
  6 quokkas
  6 ball pythons
  4 bats
  3 frilled lizards
  A giant cockroach zombie (Crypt:2)
  A goblin zombie (Crypt:2)
  53 kobolds
  5 rats (D:1)
  4 tentacles (Shoals:4)
2571 creatures vanquished.

Vanquished Creatures (collateral kills)
  An orb of fire (Zot:5)
  A dread lich (Zot:5)
  2 Killer Klowns
  2 golden dragons
  3 Orb Guardians (Zot:5)
  A tentacled monstrosity (Zot:4)
  A quicksilver dragon (Zot:3)
  3 acid blobs
  A shadow dragon (Zot:4)
  A storm dragon (Zot:4)
  An azure jelly (Slime:5)
  2 fire giants
  A draconian knight (Zot:5)
  A draconian scorcher (Zot:2)
  A balrug (Zot:5)
  A draconian shifter (Zot:4)
  2 very ugly things (D:15)
  A draconian annihilator (Zot:3)
  3 red draconians
  An ironbound thunderhulk (WizLab)
  4 purple draconians
  A deep elf high priest (Elf:3)
  A green death (D:5)
  An ironbound frostheart (Vaults:2)
  A death knight (Crypt:1)
  A deep troll earth mage (Vaults:5)
  An orc high priest (Vaults:4)
  A naga sharpshooter (Snake:4)
  A soul eater (Depths:2)
  5 sun demons (Zot:5)
  A skyshark (Shoals:2)
  A flayed ghost (Crypt:1)
  A lindwurm (Vaults:2)
  2 deep elf zephyrmancers (Elf:3)
  A shining eye (Slime:2)
  A manticore (Shoals:4)
  An ugly thing (Depths:2)
  A merfolk siren (Shoals:2)
  A salamander (Snake:2)
  A centaur zombie (Crypt:3)
  A black mamba (Snake:2)
  A human skeleton (Vaults:4)
  A cane toad (Lair:5)
  A water nymph (Shoals:4)
  A naga mage (Snake:3)
  2 yaktaurs
  2 wind drakes (Shoals:4)
  3 merfolk
  2 stone giant simulacra
  A water elemental (Elf:2)
  An ushabti (Zig:4)
  A warg (Orc:2)
  A naga (Snake:1)
  An acid dragon (D:11)
  A black bear (Lair:5)
  An orc warrior (Orc:2)
  A human simulacrum (Zig:5)
  3 orc priests (Orc:2)
  2 mummies (Zig:4)
  2 orcs (Orc:2)
  A goblin (D:2)
88 creatures vanquished.

Vanquished Creatures (others)
  3 liches (D:13)
  13 eldritch tentacles
  2 deep elf master archers (Elf:3)
  A storm dragon (Zot:3)
  3 deep elf sorcerers
  7 deep elf elementalists (Elf:3)
  The ghost of Suaskatz the Severer, a journeyman MiBe of Trog (D:13)
  5 deep elf demonologists (Elf:3)
  2 deep elf annihilators (Elf:3)
  A deep elf death mage (Elf:3)
  5 deep elf high priests (Elf:3)
  The ghost of Dute the Blocker, a journeyman FoFi of Cheibriados (D:13)
  An ice dragon (Zot:1)
  A deep elf knight (Elf:3)
  A wolf spider zombie (D:15)
  A deep elf archer (Elf:2)
  A deep elf zephyrmancer (Elf:3)
  A deep elf pyromancer (Elf:3)
  An ugly thing (Depths:2)
  A manticore (Shoals:2)
  A moth of wrath (Zot:1)
  A naga mage (Snake:4)
  A molten gargoyle (WizLab)
  A saltling (Desolation)
  A water elemental (Abyss:1)
  An ogre (shapeshifter) (Elf:3)
  3 orc wizards (D:13)
  5 orcs
  9 starspawn tentacles (Elf:3)
  3 tentacles (Shoals:4)
78 creatures vanquished.

Grand Total: 2737 creatures vanquished

Notes
Turn   | Place    | Note
-------+----------+-------------------------------------------
     0 | D:1      | bakla the Demonspawn Fighter began the quest for the Orb.
     0 | D:1      | Reached XP level 1. HP: 18/18 MP: 1/1
   123 | D:1      | Gained mutation: You have a pair of small antennae on your
                  | head. [demonic ancestry]
   123 | D:1      | Reached XP level 2. HP: 24/24 MP: 2/2
   598 | D:2      | Gained mutation: A weak demonic guardian rushes to your
                  | aid. [demonic ancestry]
   598 | D:2      | Reached XP level 3. HP: 29/29 MP: 3/3
  1217 | D:3      | Gained mutation: You have a pair of antennae on your head.
                  | [demonic ancestry]
  1217 | D:3      | Reached XP level 4. HP: 23/37 MP: 4/4
  2136 | D:4      | Found a hazy altar of Hepliaklqana.
  2228 | D:4      | Reached XP level 5. HP: 41/43 MP: 5/5
  2415 | D:4      | Noticed Edmund
  3169 | D:4      | Killed Edmund
  3170 | D:4      | Reached skill level 5 in Fighting
  3170 | D:4      | Reached XP level 6. HP: 51/51 MP: 6/6
  3292 | D:5      | Entered Level 5 of the Dungeon
  3426 | D:5      | Reached skill level 5 in Long Blades
  3677 | D:5      | Gained mutation: You have a pair of large antennae on your
                  | head. (SInv) [demonic ancestry]
  3677 | D:5      | Reached XP level 7. HP: 56/56 MP: 7/7
  3814 | D:5      | Identified the ring "Leadgh" {rPois rF+ rC+ Str-2 Dex+4}
  3961 | D:5      | Found a staircase to the Ecumenical Temple.
  3967 | Temple   | Entered the Ecumenical Temple
  3982 | D:5      | Found a blossoming altar of Fedhas.
  4220 | D:6      | Identified the "Vular"
  4274 | D:6      | Gained mutation: You have an unusually large brain. (Int
                  | +2) [demonic ancestry]
  4274 | D:6      | Reached XP level 8. HP: 64/65 MP: 8/8
  4660 | D:6      | Reached skill level 1 in Dodging
  4913 | D:6      | Found a shimmering blue altar of Sif Muna.
  5078 | D:7      | Found a bloodstained altar of Trog.
  5173 | D:7      | Reached skill level 1 in Evocations
  5256 | D:7      | Found an ornate altar of the Wu Jian Council.
  5419 | D:7      | Gained mutation: You are partially covered in sharp spines.
                  | [demonic ancestry]
  5419 | D:7      | Reached XP level 9. HP: 62/68 MP: 9/9
  6039 | D:7      | Noticed a red ugly thing
  6054 | D:7      | Killed a red ugly thing
  6060 | D:7      | Noticed a boulder beetle
  6421 | D:7      | Noticed a +0 dagger
  6422 | D:7      | Noticed a +0 spear
  6423 | D:7      | Noticed a +0 spear
  6423 | D:7      | Noticed a +0 short sword
  6424 | D:7      | Noticed a +0 short sword
  6424 | D:7      | Noticed a +0 falchion
  6424 | D:7      | Noticed a +0 dagger
  6425 | D:7      | Noticed a +0 falchion
  6479 | D:7      | Found a runed translucent door.
  6479 | D:7      | Found a runed translucent door.
  6670 | D:7      | Found a hide-covered altar of Uskayaw.
  6800 | D:7      | Identified the ring of Dighus {Int+2 Dex+6}
  6803 | D:7      | Identified the +6 short sword of Sloth {heavy, Str+2}
  7111 | D:7      | Killed a boulder beetle
  7112 | D:7      | Reached XP level 10. HP: 52/82 MP: 10/10
  7498 | D:8      | Reached skill level 10 in Long Blades
  7852 | D:8      | Found a staircase to the Lair.
  7874 | D:8      | Reached skill level 5 in Dodging
  7942 | D:8      | Found an iron altar of Okawaru.
  7947 | D:8      | Became a worshipper of Warmaster Okawaru
  8300 | D:8      | Identified a scroll of acquirement
  8300 | D:8      | Acquired the +0 pair of boots of Hecsylol {+Inv rElec}
  8492 | D:9      | Found a burning altar of Makhleb.
  8525 | D:9      | Reached skill level 1 in Invocations
  8575 | D:9      | Reached * piety under Okawaru
  8616 | D:9      | Found a flagged portal.
  8623 | Bailey   | Entered a bailey
  8659 | Bailey   | Noticed an orc warlord
  8733 | Bailey   | Reached XP level 11. HP: 67/89 MP: 13/13
  8753 | Bailey   | Found a runed translucent gate.
  8755 | Bailey   | Found a runed translucent gate.
  8756 | Bailey   | Found a runed translucent gate.
  9025 | Bailey   | Killed an orc warlord
  9025 | Bailey   | Reached ** piety under Okawaru
  9049 | Bailey   | Acquired the +2 pair of boots of Vutsy {Drain rC++ Int+4
                  | Dex+3}
  9104 | D:9      | Identified the ring "Redghaff" {rPois rN+ SInv}
  9123 | D:9      | Noticed a thrashing horror
  9124 | D:9      | Found a transporter.
  9371 | D:9      | Found a transporter.
  9382 | D:9      | Noticed a sun demon
  9383 | D:9      | Found a one-way gate to the infinite horrors of the Abyss.
  9462 | D:9      | Noticed logorrheac's ghost (novice TrBe)
  9533 | D:9      | Reached *** piety under Okawaru
  9770 | D:9      | Found a staircase to the Orcish Mines.
  9866 | D:9      | Found a broken altar of Ashenzari.
  9871 | D:9      | Found a snail-covered altar of Cheibriados.
 10173 | D:10     | Entered Level 10 of the Dungeon
 10205 | D:10     | Found a sparkling altar of Nemelex Xobeh.
 10254 | D:10     | Reached skill level 5 in Invocations
 10331 | D:10     | Reached skill level 10 in Fighting
 10409 | D:10     | Noticed Lodul
 10424 | D:10     | Killed Lodul
 10438 | D:10     | Reached **** piety under Okawaru
 10452 | D:10     | Identified the +4 great sword "Buprayh" {flame, rElec}
 10602 | D:10     | Noticed Grum
 10612 | D:10     | Killed Grum
 10621 | D:10     | Found a transporter.
 10623 | D:10     | Noticed a flayed ghost
 10624 | D:10     | Found an ancient bone altar of Kikubaaqudgha.
 10635 | D:10     | Found a transporter.
 10675 | D:10     | Found a stormy altar of Qazlal.
 10821 | D:10     | Noticed a two-headed ogre
 10849 | D:10     | Killed a two-headed ogre
 11216 | D:13     | Identified the of Mulull
 11216 | Lair:1   | Entered Level 1 of the Lair of Beasts
 11441 | Lair:1   | Reached ***** piety under Okawaru
 11529 | Lair:1   | Reached XP level 12. HP: 59/98 MP: 17/17
 11768 | Lair:1   | Received a gift from Okawaru
 12805 | Lair:2   | Found a staircase to the Shoals.
 13013 | Lair:2   | Found a staircase to the Snake Pit.
 13107 | Lair:2   | Received a gift from Okawaru
 14093 | Lair:2   | Reached XP level 13. HP: 101/106 MP: 19/19
 14244 | Lair:3   | Gained mutation: You have an extremely huge brain. (Int +4)
                  | [demonic ancestry]
 14244 | Lair:3   | Reached XP level 14. HP: 116/116 MP: 20/20
 14493 | Lair:4   | Found a dark tunnel.
 14523 | Volcano  | Entered a volcano
 14731 | Volcano  | Reached skill level 10 in Dodging
 14906 | Lair:4   | Reached ****** piety under Okawaru
 14907 | Lair:4   | Acquired a +0 triple sword of electrocution
 14907 | Lair:4   | Received a gift from Okawaru
 14908 | Lair:4   | Acquired the +4 ring mail of the True Pharaoh {rCorr}
 14908 | Lair:4   | Received a gift from Okawaru
 15090 | Temple   | Fell from the grace of Okawaru
 15090 | Temple   | Became a worshipper of Lugonu the Unformed
 15386 | Lair:4   | Found a viscous altar of Jiyva.
 15386 | Lair:4   | Found a staircase to the Slime Pits.
 15670 | Lair:4   | Banished a deep elf master archer
 15847 | Lair:4   | Reached skill level 5 in Armour
 16369 | Lair:5   | Entered Level 5 of the Lair of Beasts
 16411 | Lair:4   | Reached * piety under Lugonu
 16929 | Lair:5   | Reached ** piety under Lugonu
 16981 | Lair:5   | Banished a deep elf master archer
 17398 | Lair:5   | Banished a deep elf master archer
 17398 | Lair:5   | Banished a fire giant
 17656 | Lair:5   | Banished a frost giant
 17770 | Lair:5   | Gained mutation: A demonic guardian rushes to your aid.
                  | [demonic ancestry]
 17770 | Lair:5   | Reached XP level 15. HP: 126/127 MP: 21/21
 17770 | Lair:5   | Reached *** piety under Lugonu
 17778 | Lair:5   | Learned a level 4 spell: Animate Armour
 18155 | Lair:5   | Found a runed translucent door.
 18280 | Lair:5   | Banished a fire giant
 18360 | Lair:5   | Identified the +0 pair of gloves "Fyudisk" {*Corrode rElec
                  | rC+++}
 18604 | Lair:5   | Reached skill level 15 in Fighting
 18676 | Lair:5   | Noticed a titan
 18690 | Lair:5   | Killed a titan
 18958 | Lair:5   | Identified the +8 morningstar of Descent {heavy, rC+}
 19217 | D:11     | Banished a deep elf blademaster
 19309 | D:11     | Banished a fire giant
 20261 | D:12     | Found a transporter.
 20350 | D:12     | Found a portal to a secret trove of treasure.
 20419 | D:12     | Found a transporter.
 20442 | D:12     | Found a frozen archway.
 20473 | IceCv    | Entered an ice cave
 20515 | IceCv    | Reached **** piety under Lugonu
 20890 | IceCv    | Banished a titan
 20890 | IceCv    | Banished a titan
 20890 | IceCv    | Banished a titan
 20950 | IceCv    | Found an ancient bone altar of Kikubaaqudgha.
 21237 | D:12     | Banished a frost giant
 21595 | D:12     | Banished a titan
 21701 | D:12     | Noticed a fire giant
 21711 | D:12     | Killed a fire giant
 22224 | D:13     | Reached ***** piety under Lugonu
 22371 | D:13     | Found a runed translucent gate.
 22371 | D:13     | Found a runed translucent gate.
 22371 | D:13     | Found a runed translucent gate.
 22373 | D:13     | Found an ancient bone altar of Kikubaaqudgha.
 22373 | D:13     | Noticed a lich
 22373 | D:13     | Noticed a lich
 22373 | D:13     | Noticed Suaskatz's ghost (journeyman MiBe)
 22373 | D:13     | Noticed a lich
 22374 | D:13     | Noticed Dute's ghost (journeyman FoFi)
 22381 | D:13     | Corrupted D:13
 22382 | D:13     | Gained mutation: Your body sometimes deteriorates upon
                  | taking damage. [a neqoxec]
 22385 | D:13     | Killed Dute's ghost
 22387 | D:13     | Killed a lich
 22388 | D:13     | Killed a lich
 22395 | D:13     | Killed Suaskatz's ghost
 22395 | D:13     | Killed a lich
 22812 | D:13     | Identified the +0 hat of Chimes {Rampage rN+++ Regen+
                  | Slay-3}
 22817 | D:13     | Identified the ring of Titosku {Ice rPois rN+ Dex+4}
 22868 | D:13     | Reached skill level 10 in Armour
 22905 | D:13     | Was forgiven by Okawaru
 22923 | D:13     | Lost mutation: Your body sometimes deteriorates upon taking
                  | damage. [potion of mutation]
 22923 | D:13     | Gained mutation: You are somewhat resistant to further
                  | mutation. [potion of mutation]
 22923 | D:13     | Gained mutation: Your body sometimes deteriorates upon
                  | taking damage. [potion of mutation]
 23122 | D:13     | Found a gate to the Vaults.
 23497 | D:14     | Reached skill level 10 in Invocations
 23709 | D:14     | Found an ancient bone altar of Kikubaaqudgha.
 24370 | D:15     | Entered Level 15 of the Dungeon
 25090 | D:15     | Gained mutation: You have an absolutely massive brain. (Int
                  | +6, Wiz) [demonic ancestry]
 25090 | D:15     | Reached XP level 16. HP: 139/139 MP: 24/24
 25099 | D:15     | Learned a level 4 spell: Vhi's Electric Charge
 25310 | D:15     | Found a staircase to the Depths.
 25579 | Orc:1    | Entered Level 1 of the Orcish Mines
 26293 | Orc:1    | Learned a level 4 spell: Manifold Assault
 26352 | Orc:1    | Paralysed by an orc sorcerer for 5 turns
 26462 | Orc:1    | Found Laizas's Antique Weapon Shoppe.
 26605 | Orc:2    | Entered Level 2 of the Orcish Mines
 26641 | Orc:2    | Found Xudent's Antique Weapon Shop.
 27542 | Orc:2    | Reached ****** piety under Lugonu
 27553 | Orc:2    | Found a staircase to the Elven Halls.
 28148 | Orc:2    | Found Eceh's Antique Weapon Shop.
 28148 | Orc:2    | Found Geotow's Antique Armour Shop.
 28149 | Orc:2    | Found Vygadus's Antique Weapon Boutique.
 28149 | Orc:2    | Found Muowk's Jewellery Shop.
 28160 | Orc:2    | Bought a pair of translucent boots for 285 gold pieces
 28160 | Orc:2    | Identified the +0 pair of boots "Eceigeot" {rPois Str+5}
                  | (You bought it in a shop on level 2 of the Orcish Mines)
 28324 | Orc:2    | Bought an amulet of regeneration for 510 gold pieces
 28342 | Orc:2    | Identified a +2 demon blade of distortion (a +0 demon blade
                  | of flaming corrupted by Lugonu)
 28342 | Orc:2    | Received a gift from Lugonu
 28559 | Snake:1  | Entered Level 1 of the Snake Pit
 28904 | Snake:1  | Identified the +4 flail of Desu {heavy, rC- rN+ Int+7
                  | Dex+3}
 28904 | Snake:1  | You fall into a shaft and drop 1 floor!
 29228 | Snake:2  | Noticed Vashnia
 29235 | Snake:2  | Banished Vashnia
 30216 | Snake:1  | Identified the +1 ring mail "Lotin" {rElec rN+}
 30860 | Snake:2  | Reached XP level 17. HP: 118/155 MP: 26/26
 31672 | Snake:3  | Found Raverr's Antique Weapon Boutique.
 31781 | Snake:3  | Found Qyger's Assorted Antiques.
 31785 | Snake:3  | Bought a phantom mirror for 1520 gold pieces
 31785 | Snake:3  | Bought a potion of mutation for 304 gold pieces
 31785 | Snake:3  | Bought a potion of mutation for 304 gold pieces
 31785 | Snake:3  | Lost mutation: You are somewhat resistant to further
                  | mutation. [potion of mutation]
 31785 | Snake:3  | Lost mutation: Your body sometimes deteriorates upon taking
                  | damage. [potion of mutation]
 31785 | Snake:3  | Gained mutation: You expend magic power (3 MP) to
                  | strengthen your wands. [potion of mutation]
 31785 | Snake:3  | Gained mutation: You sometimes lose your temper in combat.
                  | [potion of mutation]
 31786 | Snake:3  | Lost mutation: You sometimes lose your temper in combat.
                  | [potion of mutation]
 31786 | Snake:3  | Lost mutation: You expend magic power (3 MP) to strengthen
                  | your wands. [potion of mutation]
 31786 | Snake:3  | Gained mutation: Your spells are a little harder to cast,
                  | but a little more powerful. [potion of mutation]
 31786 | Snake:3  | Gained mutation: Your body sometimes deteriorates upon
                  | taking damage. [potion of mutation]
 31786 | Snake:3  | Gained mutation: You are agile. (Dex +4, Str/Int -1)
                  | [potion of mutation]
 31787 | Snake:3  | Lost mutation: Your spells are a little harder to cast, but
                  | a little more powerful. [potion of mutation]
 31787 | Snake:3  | Lost mutation: Your body sometimes deteriorates upon taking
                  | damage. [potion of mutation]
 31787 | Snake:3  | Lost mutation: You are agile. (Dex +4, Str/Int -1) [potion
                  | of mutation]
 31787 | Snake:3  | Gained mutation: Your movements are slightly less
                  | encumbered by armour. (ER -2) [potion of mutation]
 31787 | Snake:3  | Gained mutation: Armour fits poorly on your strangely
                  | shaped body. [potion of mutation]
 31787 | Snake:3  | Gained mutation: You have large cloven feet. [potion of
                  | mutation]
 31787 | Snake:3  | Gained mutation: You are robust. (+10% HP) [potion of
                  | mutation]
 32257 | Snake:3  | Found Pouq Xext's Jewellery Shop.
 32259 | Snake:3  | Found Woicheh's Distillery.
 32259 | Snake:3  | Found Usiwe's Armour Emporium.
 32274 | Snake:3  | Found Vemit's Assorted Antiques.
 32276 | Snake:3  | Bought a potion of heal wounds for 65 gold pieces
 32276 | Snake:3  | Bought a potion of heal wounds for 65 gold pieces
 32276 | Snake:3  | Bought a potion of enlightenment for 65 gold pieces
 32277 | Snake:3  | Found Wite's Magic Scroll Shop.
 32277 | Snake:3  | Found Suphul's General Store.
 32286 | Snake:3  | Bought a scroll of enchant weapon for 142 gold pieces
 32291 | Snake:3  | Bought a scroll of blinking for 120 gold pieces
 32291 | Snake:3  | Bought a scroll of enchant weapon for 120 gold pieces
 32291 | Snake:3  | Bought a scroll of teleportation for 48 gold pieces
 32306 | Snake:3  | Bought a +1 cloak of willpower for 313 gold pieces
 32453 | Snake:3  | Found Madolene's Weapon Boutique.
 32748 | Snake:4  | Entered Level 4 of the Snake Pit
 33365 | Snake:4  | Paralysed by a salamander for 2 turns
 33385 | Snake:4  | Noticed Nikola
 33405 | Snake:4  | Killed Nikola
 33688 | Snake:4  | Identified the serpent talisman of Cloud Cover {Will- Int+3
                  | Dex+6}
 33688 | Snake:4  | Noticed Aizul
 33865 | Snake:4  | Identified the +3 scale mail of Wu Jian's Respect {Dex+2}
 34042 | Snake:4  | Killed Aizul
 34309 | Snake:4  | Noticed Roxanne
 34826 | Snake:4  | Got a serpentine rune of Zot
 35659 | Shoals:1 | Entered Level 1 of the Shoals
 35774 | Shoals:1 | Reached skill level 15 in Dodging
 35913 | Shoals:1 | Gained mutation: Your magical and physical power is
                  | slightly enhanced at high health. [demonic ancestry]
 35913 | Shoals:1 | Reached XP level 18. HP: 178/178 MP: 27/27
 36830 | Shoals:2 | Found Ihuoviku's Distillery.
 36838 | Shoals:2 | Bought a potion of haste for 100 gold pieces
 36888 | Shoals:2 | Noticed Ilsuiw
 36891 | Shoals:2 | Found Xottezxe's General Store.
 36894 | Shoals:2 | Found Nyajamegro's Weapon Shop.
 37566 | Shoals:2 | Killed Ilsuiw
 37797 | Shoals:2 | Found Wang's Magic Scroll Boutique.
 37829 | Shoals:2 | Bought a scroll of revelation for 112 gold pieces
 37830 | Shoals:2 | Found Alofooq's Armour Shoppe.
 37843 | Shoals:2 | Bought a potion of might for 64 gold pieces
 37952 | Shoals:2 | Bought a potion of might for 40 gold pieces
 37952 | Shoals:2 | Bought a potion of might for 40 gold pieces
 39252 | Shoals:4 | Entered Level 4 of the Shoals
 40858 | Shoals:4 | Found a shimmering blue altar of Sif Muna.
 41081 | Shoals:4 | Got a barnacled rune of Zot
 41850 | Vaults:2 | Identified the "Sois"
 41850 | Desolati | Identified the of Isolyol
 41850 | Desolati | Identified the "Zejocier"
 41850 | Vaults:5 | Identified the "Ukoecati"
 41850 | Vaults:5 | Identified the "Inkutid"
 41850 | Vaults:5 | Identified the of Tyoffiase
 41850 | Vaults:5 | Identified the "Leiwn"
 41850 | Depths:1 | Identified the "Joije"
 41850 | Elf:1    | Entered Level 1 of the Elven Halls
 41887 | Elf:1    | Found Vuebirru's Antique Weapon Emporium.
 42031 | Elf:1    | Found Diefuw's General Store.
 42076 | Elf:1    | Bought a +1 buckler of protection for 247 gold pieces
 42087 | Elf:1    | You fall into a shaft and drop 1 floor!
 42288 | Elf:2    | Found a runed translucent gate.
 42290 | Elf:2    | Found a runed translucent gate.
 42290 | Elf:2    | Found a runed translucent gate.
 42388 | Elf:2    | Reached XP level 19. HP: 178/185 MP: 28/28
 42676 | Elf:1    | Found Gawkawk's Magic Scroll Shop.
 42683 | Elf:1    | Bought a scroll of teleportation for 57 gold pieces
 43220 | Elf:1    | Bought a scroll of enchant weapon for 142 gold pieces
 43674 | Elf:3    | Identified the "Jatoz"
 43674 | Elf:3    | Entered Level 3 of the Elven Halls
 43882 | Elf:3    | Reached skill level 5 in Shields
 43952 | Elf:3    | Found Ywuthros's Assorted Antiques.
 44551 | Elf:3    | Corrupted Elf:3
 44777 | Elf:3    | Found the amulet of the Four Winds {rN+ Will+++ Clar}
 44829 | Elf:3    | Identified the ring "Moohiuvo" {rF++ rC++ rN+ EV+5 Dex-2}
 44841 | Elf:3    | Identified the +6 sling of Jolucirch {speed, rElec rPois
                  | Int-2}
 45054 | Elf:3    | Identified the ring of Uqeigg {Will+ Str+3 Dex+3 Slay+4}
 45065 | Elf:3    | Identified the staff of the Grave {rPois rN+ Int+3 Dex+2
                  | Poison}
 45725 | Depths:1 | Entered Level 1 of the Depths
 45725 | Depths:1 | Found a gateway to Hell.
 46434 | Depths:1 | Found a one-way gate leading to the halls of Pandemonium.
 47137 | Depths:1 | Reached skill level 10 in Shields
 47299 | Depths:1 | Found Zikoocw's Antique Weapon Shoppe.
 47299 | Depths:1 | Found Muilolea's Antique Armour Shoppe.
 47301 | Depths:1 | Found Afra's Weapon Shoppe.
 47301 | Depths:1 | Found Reuj's Distillery.
 47313 | Depths:1 | Bought a potion of heal wounds for 110 gold pieces
 47313 | Depths:1 | Bought a potion of mutation for 176 gold pieces
 47313 | Depths:1 | Bought a potion of might for 88 gold pieces
 47324 | Depths:1 | Identified the amulet "Moziedax" {Acrobat rElec Will+}
 47552 | Depths:1 | Identified the amulet of Benlosua {Reflect *Corrode Fly
                  | Will+ SH+5 Stlth+}
 48093 | Depths:2 | Noticed a golden dragon
 48107 | Depths:2 | Killed a golden dragon
 48287 | Depths:2 | Gained mutation: You are mostly covered in sharp spines.
                  | [demonic ancestry]
 48287 | Depths:2 | Reached XP level 20. HP: 179/193 MP: 29/29
 48934 | Depths:2 | Found a sacrificial altar of Ru.
 48981 | Depths:2 | Found Fynug's Tremendous Tomes.
 49204 | Depths:2 | Learned a level 2 spell: Wereblood
 49500 | Depths:2 | Reached skill level 1 in Spellcasting
 49500 | Depths:2 | Reached skill level 1 in Transmutations
 50657 | Depths:3 | Found Loureot's Antique Armour Shop.
 50875 | Depths:3 | Identified the maw talisman of Sucogh {rC- rN+ rCorr
                  | Slay+4}
 51041 | Depths:3 | Reached skill level 5 in Spellcasting
 51049 | Depths:3 | Noticed a juggernaut
 51050 | Depths:3 | Noticed Parghit
 51070 | Depths:3 | Killed a juggernaut
 51071 | Depths:3 | Reached skill level 5 in Transmutations
 51098 | Depths:3 | Banished Parghit
 51239 | Depths:3 | Noticed a golden dragon
 51453 | Depths:3 | Killed a golden dragon
 51775 | Depths:3 | Gained mutation: Your magical and physical power is
                  | enhanced at high health. [demonic ancestry]
 51775 | Depths:3 | Reached XP level 21. HP: 176/201 MP: 30/30
 52305 | Depths:3 | Identified the +0 pair of gloves of the Ditch-Digger {rPois
                  | Int+3}
 52649 | Depths:3 | Noticed a caustic shrike
 52657 | Depths:3 | Noticed a caustic shrike
 52662 | Depths:3 | Killed a caustic shrike
 52673 | Depths:3 | Killed a caustic shrike
 53477 | Depths:4 | Entered Level 4 of the Depths
 53477 | Depths:4 | Noticed Mennas
 53616 | Depths:4 | Found Uphogo's Jewellery Shoppe.
 53616 | Depths:4 | Found Nioffaib's Weapon Emporium.
 53842 | Depths:4 | Found a gate to the Realm of Zot.
 53873 | Depths:4 | Reached skill level 15 in Invocations
 54524 | Depths:4 | Noticed a juggernaut
 54541 | Depths:4 | Killed a juggernaut
 54753 | Depths:4 | Killed Mennas
 55230 | Depths:4 | Found a one-way gateway to a ziggurat.
 55313 | Depths:4 | Escaped the Abyss
 56279 | Zot:5    | Identified the "Ucuxi"
 56279 | Slime:1  | Entered Level 1 of the Pits of Slime
 56963 | Slime:2  | Reached XP level 22. HP: 134/209 MP: 35/35
 57371 | Slime:3  | Gained mutation: You are weak. (Str -2) [a shining eye]
 57915 | Slime:4  | Lost mutation: You are robust. (+10% HP) [a shining eye]
 58248 | Slime:5  | Entered Level 5 of the Pits of Slime
 59661 | Slime:5  | Gained mutation: Your flesh is heat resistant. (rF+) [a
                  | shining eye]
 59672 | Slime:5  | Gained mutation: Your body sometimes deteriorates upon
                  | taking damage. [a shining eye]
 59675 | Slime:5  | Gained mutation: Your magical capacity is low. (-10% MP) [a
                  | shining eye]
 59678 | Slime:5  | Gained mutation: Your body often deteriorates upon taking
                  | damage. [a shining eye]
 59757 | Slime:5  | Noticed the Royal Jelly
 59784 | Slime:5  | Killed the Royal Jelly
 59804 | Slime:5  | Gained mutation: You occasionally lose the ability to read
                  | scrolls when taking damage. [a shining eye]
 59806 | Slime:5  | Gained mutation: You have hidden genetic defects. [a
                  | shining eye]
 59808 | Slime:5  | Gained mutation: You have terrible hidden genetic defects.
                  | [a shining eye]
 59810 | Slime:5  | Gained mutation: Your spells are a little easier to cast,
                  | but a little less powerful. [a shining eye]
 59822 | Slime:5  | Found the amulet of Vitality {RegenMP++ Regen++}
 60075 | Slime:5  | Identified the +0 sling "Ezalof" {heavy, Str+3 SInv}
 60089 | Slime:5  | Got a slimy rune of Zot
 60094 | Slime:5  | Identified the amulet "Tukh" {Reflect rElec rF+ Str-2 Int+4
                  | SH+5}
 60128 | Slime:5  | Identified the +12 great mace of Paper {holy, rF++}
 60132 | Slime:5  | Identified the +0 leather armour of Caraf {rElec Will+}
 60143 | Slime:5  | Identified the +7 lajatang of Weloorgh {freeze, rC+ SInv}
 60157 | Slime:5  | Identified the +0 lajatang of Cocytus {drain, rElec rC+}
 60826 | Vaults:1 | Entered Level 1 of the Vaults
 61248 | Vaults:1 | Found Hiapozof's Armour Boutique.
 61320 | Vaults:1 | Gained mutation: You are dopey. (Int -2) [hidden defects]
 61644 | Vaults:1 | Found Canneqy's Distillery.
 61644 | Vaults:1 | Found Ticsoaha's Antique Armour Boutique.
 61664 | Vaults:1 | Found Wisk's Assorted Antiques.
 61701 | Vaults:1 | Bought a potion of mutation for 96 gold pieces
 61701 | Vaults:1 | Bought a potion of heal wounds for 60 gold pieces
 61701 | Vaults:1 | Bought a potion of might for 48 gold pieces
 61701 | Vaults:1 | Bought a potion of might for 48 gold pieces
 61738 | Vaults:1 | Bought a scroll of immolation for 104 gold pieces
 61738 | Vaults:1 | Bought a scroll of teleportation for 78 gold pieces
 61738 | Vaults:1 | Bought a scroll of teleportation for 78 gold pieces
 61852 | Vaults:1 | Found a large runed translucent door.
 61852 | Vaults:1 | Found a large runed translucent door.
 61852 | Vaults:1 | Noticed Uppifusa's ghost (adept BaHs)
 62392 | Vaults:2 | Gained mutation: You occasionally lose the ability to drink
                  | potions when taking damage. [hidden defects]
 62392 | Vaults:2 | Lost mutation: You have terrible hidden genetic defects.
                  | [hidden defects expressed]
 62450 | Vaults:2 | Found a transporter.
 62494 | Vaults:2 | Found a transporter.
 62764 | Vaults:2 | Reached XP level 23. HP: 196/196 MP: 33/33
 62814 | Vaults:2 | Paralysed by a formless jellyfish for 1 turns
 62839 | Vaults:2 | Identified the +0 leather armour "Xiofes" {rN+}
 63081 | Vaults:2 | Found a staircase to the Crypt.
 63363 | Vaults:2 | Gained mutation: You occasionally shout uncontrollably at
                  | your foes. [hidden defects]
 63419 | Vaults:2 | Corrupted Vaults:2
 63419 | Vaults:2 | Noticed an ancient lich
 63871 | Vaults:2 | Identified the ring "Ingail" {EV+5 Int+6}
 63883 | Vaults:2 | Identified the ring "Rudwohau" {Fly Str+4}
 63894 | Vaults:2 | Identified the ring of Siskuec {Str+6 Int+3 Dex-4 Slay+4}
 63912 | Vaults:2 | Lost mutation: You are dopey. (Int -2) [potion of mutation]
 63912 | Vaults:2 | Lost mutation: Your movements are slightly less encumbered
                  | by armour. (ER -2) [potion of mutation]
 63912 | Vaults:2 | Lost mutation: You occasionally shout uncontrollably at
                  | your foes. [potion of mutation]
 63912 | Vaults:2 | Gained mutation: Your magical capacity is very low. (-20%
                  | MP) [potion of mutation]
 63912 | Vaults:2 | Gained mutation: You are very weak. (Str -4) [potion of
                  | mutation]
 63912 | Vaults:2 | Gained mutation: You are agile. (Dex +4, Str/Int -1)
                  | [potion of mutation]
 63913 | Vaults:2 | Lost mutation: You have large cloven feet. [potion of
                  | mutation]
 63913 | Vaults:2 | Lost mutation: Your body often deteriorates upon taking
                  | damage. [potion of mutation]
 63914 | Vaults:2 | Lost mutation: You occasionally lose the ability to drink
                  | potions when taking damage. [potion of mutation]
 63914 | Vaults:2 | Lost mutation: You have hidden genetic defects. [potion of
                  | mutation]
 63914 | Vaults:2 | Lost mutation: You are very weak. (Str -4) [potion of
                  | mutation]
 63914 | Vaults:2 | Gained mutation: Your mind is acute. (Int +4, Str/Dex -1)
                  | [potion of mutation]
 63914 | Vaults:2 | Gained mutation: You possess an exceptional clarity of
                  | mind. [potion of mutation]
 63915 | Vaults:2 | Lost mutation: Armour fits poorly on your strangely shaped
                  | body. [potion of mutation]
 63915 | Vaults:2 | Lost mutation: You are agile. (Dex +4, Str/Int -1) [potion
                  | of mutation]
 63915 | Vaults:2 | Lost mutation: Your magical capacity is very low. (-20% MP)
                  | [potion of mutation]
 63915 | Vaults:2 | Gained mutation: You are frail. (-10% HP) [potion of
                  | mutation]
 63916 | Vaults:2 | Lost mutation: You possess an exceptional clarity of mind.
                  | [potion of mutation]
 63916 | Vaults:2 | Lost mutation: You are frail. (-10% HP) [potion of
                  | mutation]
 63916 | Vaults:2 | Gained mutation: You have sharp toenails. [potion of
                  | mutation]
 63916 | Vaults:2 | Gained mutation: Armour fits poorly on your strangely
                  | shaped body. [potion of mutation]
 63916 | Vaults:2 | Gained mutation: Your natural rate of healing is unusually
                  | fast. [potion of mutation]
 63917 | Vaults:2 | Lost mutation: You are weak. (Str -2) [potion of mutation]
 63917 | Vaults:2 | Lost mutation: Your magical capacity is low. (-10% MP)
                  | [potion of mutation]
 63917 | Vaults:2 | Gained mutation: You are vulnerable to cold. (rC-) [potion
                  | of mutation]
 63917 | Vaults:2 | Gained mutation: You occasionally shout uncontrollably at
                  | your foes. [potion of mutation]
 63918 | Vaults:2 | Lost mutation: You occasionally shout uncontrollably at
                  | your foes. [potion of mutation]
 63918 | Vaults:2 | Lost mutation: Armour fits poorly on your strangely shaped
                  | body. [potion of mutation]
 63918 | Vaults:2 | Lost mutation: You occasionally lose the ability to read
                  | scrolls when taking damage. [potion of mutation]
 63918 | Vaults:2 | Lost mutation: You are vulnerable to cold. (rC-) [potion of
                  | mutation]
 63975 | Vaults:3 | Reached skill level 15 in Armour
 64091 | Vaults:3 | Learned a level 5 spell: Summon Mana Viper
 64107 | Vaults:3 | Reached skill level 1 in Summonings
 64305 | Vaults:3 | Found a crumbling gateway.
 64316 | Desolati | Entered the Desolation of Salt
 64342 | Desolati | Reached skill level 5 in Summonings
 64433 | Desolati | Identified the +0 ring mail of the Hall of Blades {Will-
                  | Slay+4}
 64434 | Desolati | Identified the ring "Timue" {Fire Stlth+}
 64517 | Desolati | Identified the +0 pair of boots of Arafeet {rElec Will+
                  | Dex+3}
 64662 | Desolati | Identified the amulet of Birdsong {Faith rElec}
 64665 | Desolati | Identified the ring "Sytar" {rF+ rN+ Will+}
 64727 | Desolati | Identified the ring of Sunlight {Wiz rF+ Slay+3}
 65100 | Vaults:3 | Reached skill level 10 in Summonings
 65916 | Vaults:4 | Gained mutation: Your magical and physical power is greatly
                  | enhanced at high health. [demonic ancestry]
 65916 | Vaults:4 | Reached XP level 24. HP: 204/204 MP: 37/37
 66006 | Vaults:4 | Noticed Bai Suzhen
 66020 | Vaults:4 | Killed Bai Suzhen
 66518 | Vaults:4 | Identified the +2 robe of Leunarul {Int+4 Dex-3}
 66926 | Vaults:5 | Entered Level 5 of the Vaults
 66926 | Vaults:5 | Noticed an ancient lich
 67078 | Vaults:5 | Killed an ancient lich
 67126 | Vaults:5 | Reached skill level 10 in Spellcasting
 67218 | Vaults:5 | Learned a level 7 spell: Malign Gateway
 67316 | Vaults:5 | Reached skill level 1 in Translocations
 67326 | Vaults:5 | Identified the +7 mace "Noatunwonei" {antimagic, Int+2}
 67375 | Vaults:5 | Got a silver rune of Zot
 67441 | Vaults:5 | Found the brooch of Shielding {Spirit SH+8}
 67670 | Vaults:5 | Identified the +7 great mace "String" {heavy, rElec Str-3
                  | Int+2}
 67929 | Vaults:5 | Noticed a dread lich
 67944 | Vaults:5 | Killed a dread lich
 67959 | Vaults:5 | Identified the +3 scale mail "Kiky" {rElec rPois rN+ SInv}
 67959 | Vaults:5 | Identified the amulet "Poschusupn" {Harm Regen+ Int+3
                  | Slay+3}
 67970 | Vaults:5 | Reached skill level 5 in Translocations
 68085 | Vaults:5 | Identified the staff of Blood-Lust {rElec rPois rC+ Will+++
                  | Str-2 Ice}
 68281 | Vaults:5 | Found Cayvoshrao's Armour Shoppe.
 68687 | Shoals:2 | Bought a potion of magic for 80 gold pieces
 68687 | Shoals:2 | Bought 2 potions of haste for 200 gold pieces
 68687 | Shoals:2 | Bought a potion of mutation for 80 gold pieces
 68687 | Shoals:2 | Bought a potion of curing for 30 gold pieces
 68984 | Crypt:1  | Entered Level 1 of the Crypt
 69013 | Crypt:1  | Reached XP level 25. HP: 210/210 MP: 37/37
 69185 | Crypt:1  | Reached skill level 15 in Summonings
 69328 | Crypt:1  | Found a magical portal.
 69382 | WizLab   | Entered Maxwell's Workshop
 69509 | WizLab   | Identified the ring "Amuntya" {Fire Will+ Dex+3}
 69733 | WizLab   | Identified the ring of Greed {Ice rN+}
 69757 | WizLab   | Identified the +2 spear of Dismay {freeze, Will+++}
 70800 | Crypt:2  | Noticed Sojobo
 70812 | Crypt:2  | Identified the ring "Xateups" {Ice rN+ Int+3 Stlth+}
 70812 | Crypt:2  | Noticed Josephina
 70813 | Crypt:2  | Reached skill level 10 in Translocations
 70833 | Crypt:2  | Killed Sojobo
 71038 | Crypt:2  | Noticed Margery
 71047 | Crypt:2  | Killed Josephina
 71061 | Crypt:2  | Killed Margery
 71500 | Crypt:2  | Found an ancient bone altar of Kikubaaqudgha.
 71896 | Crypt:3  | Entered Level 3 of the Crypt
 72450 | Crypt:3  | Found an ancient bone altar of Kikubaaqudgha.
 72798 | Crypt:3  | Noticed an ancient lich
 72813 | Crypt:3  | Killed an ancient lich
 72817 | Crypt:3  | Identified the staff of Uskayaw, Supporting {rF+ Will++
                  | Fire}
 73126 | Crypt:3  | Found a staircase to the Tomb.
 73285 | Crypt:3  | Gained mutation: You are completely covered in sharp
                  | spines. [demonic ancestry]
 73285 | Crypt:3  | Reached XP level 26. HP: 218/218 MP: 37/37
 73376 | Crypt:3  | Identified the +2 robe "Rodajaps" {Regen+ Dex+3}
 74087 | Zot:1    | Entered Level 1 of the Realm of Zot
 74141 | Tomb:3   | Identified the "Futom"
 74141 | Tomb:3   | Identified the "Plog"
 74141 | Tomb:3   | Identified the of Usiudd
 74141 | Geh:7    | Identified the "Bodulyme"
 74141 | Zig:1    | Entered Level 1 of a ziggurat
 74269 | Zig:2    | Entered Level 2 of a ziggurat
 74296 | Zig:3    | Entered Level 3 of a ziggurat
 74328 | Zig:3    | Identified the +0 leather armour of Rationality {Int+2}
 74341 | Zig:4    | Entered Level 4 of a ziggurat
 74359 | Zig:4    | Reached skill level 15 in Translocations
 74519 | Zig:5    | Entered Level 5 of a ziggurat
 74525 | Zig:5    | Found the +4 robe of Folly {Brill Will-∞ Int+8}
 74680 | Zot:1    | Noticed an orb of fire
 74687 | Zot:1    | Banished an orb of fire
 75147 | Zot:3    | Reached skill level 15 in Shields
 76008 | Zot:3    | Noticed an orb of fire
 76018 | Zot:3    | Banished an orb of fire
 76039 | Zot:5    | Entered Level 5 of the Realm of Zot
 76408 | Zot:5    | Noticed a dread lich
 76416 | Zot:5    | Killed a dread lich
 76731 | Zot:5    | Noticed an orb of fire
 76735 | Zot:5    | Gained mutation: You occasionally lose the ability to drink
                  | potions when taking damage. [an orb of fire]
 76742 | Zot:5    | Noticed an orb of fire
 76743 | Zot:5    | Gained mutation: Your body often deteriorates upon taking
                  | damage. [an orb of fire]
 76747 | Zot:5    | Gained mutation: Armour fits poorly on your strangely
                  | shaped body. [an orb of fire]
 76752 | Zot:5    | Killed an orb of fire
 76768 | Zot:5    | Killed an orb of fire
 76867 | Zot:5    | Gained mutation: A powerful demonic guardian rushes to your
                  | aid. [demonic ancestry]
 76867 | Zot:5    | Reached XP level 27. HP: 161/224 MP: 37/37
 76914 | Zot:5    | Got the Orb of Zot
 77162 | Zot:1    | Noticed Muxi the pandemonium lord
 77195 | Zot:1    | Banished Muxi the pandemonium lord
 77418 | D:15     | Noticed Ceeru the pandemonium lord
 77734 | D:4      | Noticed a seraph
 77799 | D:2      | Corrupted D:2
 77803 | D:1      | Corrupted D:1
 77820 | D:1      | Escaped the Abyss
 77822 | D:$      | Escaped with the Orb!

Illustrated notes

Levels and vault maps discovered:
D:1:      dpeg_arrival_line_fractal, layout_rooms, minmay_box_of_dots
D:2:      layout_basic, guppyfry_early_lair_pool
D:3:      layout_basic, minmay_diced_spiral
D:4:      layout_basic, lemuel_tele_altar, mainiacjoe_overflow_small_starburst,
          dk_noncrumbling_2, minmay_fountain_box, uniq_edmund
D:5:      layout_basic, fedhas_ov_isle_minmay, minmay_temple_entry_hall
D:6:      layout_basic, led_sif_book
D:7:      minmay_the_grid_four_pointed_star [minmay_the_grid_triangle_9x9_cache,
          minmay_the_grid_triangle_9x9_negative_grid,
          minmay_the_grid_triangle_9x9_tough_junction,
          minmay_the_grid_triangle_9x9_semitri,
          minmay_the_grid_prize_diamond_cup], layout_gridville,
          nzn_wu_jian_contemplation, nicolae_uskayaw_en_pointe, bloody_trog,
          abandoned_shop, minmay_fractal_squares_5
D:8:      layout_basic, okawaru_metal_pillars_1_2, david_lair_shrubbed
D:9:      layout_roguey, minitemple, demons_altar, erik_orc_1, enter_bailey_2,
          gammafunk_ghost_abyssal_escape, nicolae_letterblocks
          [nicolae_letter_subblock, nicolae_letter_subblock,
          nicolae_letter_subblock, nicolae_letter_subblock,
          nicolae_letter_subblock, nicolae_letter_subblock,
          nicolae_letter_subblock, nicolae_letter_subblock,
          nicolae_letter_subblock, nicolae_letter_subblock,
          nicolae_letter_subblock, nicolae_letter_subblock,
          nicolae_letter_subblock, nicolae_letter_subblock,
          nicolae_letter_subblock, nicolae_letter_subblock,
          nicolae_letter_subblock, nicolae_letter_subblock,
          nicolae_letter_subblock, nicolae_letter_subblock,
          nicolae_letter_subblock, nicolae_letter_subblock,
          nicolae_letter_subblock, nicolae_letter_subblock,
          nicolae_letter_subblock]
D:10:     layout_loops_cross, mainiacjoe_overflow_brackets, grunt_qazlal_clouds,
          gammafunk_temple_overflow_arena, lemuel_crystal_altar, uniq_lodul,
          uniq_grum
D:11:     layout_layer_cave
D:12:     gammafunk_wand_slinger, layout_long_grid, serial_co_window_serial,
          co_window_paths_a, co_window_corner_a, co_window_corner_a,
          co_window_corner_a, co_window_cross_1, co_window_of_opportunity_a,
          co_window_corner_a, co_window_corner_cb, co_window_cross_4,
          co_window_of_opportunity_b, co_window_broadway_c, co_window_paths_c,
          co_window_corner_b, co_window_paths_e, glass_columns_a,
          portal_ice_cave_entry_imps, nicolae_trove_entry_columns
D:13:     layout_loops_ring, david_vaults_2, gammafunk_ghost_crypt,
          chequers_serial_rivers_small_b
D:14:     layout_loops_ring, kiku_gazebo_garden_becter
D:15:     grunt_enter_depths_magical_seal, layout_stronghold,
          chequers_serial_rivers_large_a
Temple:   corrupted_temple
Lair:1:   beast_lair_carwin_large_3, layout_cave_pods, lemuel_old_faithful,
          infiniplex_staircase_pool
Lair:2:   layout_roguey, minmay_shoals_entry_centaurs,
          alex1729_snake_entry_snake, serial_forest,
          infiniplex_forest_straight_4, infiniplex_forest_end_1,
          infiniplex_forest_zigzag_1, infiniplex_forest_corner_2,
          infiniplex_forest_zigzag_1, infiniplex_forest_lined_3_way,
          infiniplex_forest_lined_room_2, infiniplex_forest_clump_curved
Lair:3:   layout_cave_shapes, serial_bayou_pond_b
Lair:4:   layout_cave_pods, minmay_slime_entry_pillars,
          nicolae_volcano_entry_two_sided, grunt_megastairs_4,
          serial_bayou_shore_a
Lair:5:   hangedman_lair_caniforms_friends, layout_misc_corridors, wormcave,
          grunt_megastairs_2, serial_bayou_shore_b
Shoals:1: layout_shoals
Shoals:2: layout_shoals, serial_shops,
          nicolae_shop_temple_entry_statues_fountains,
          nicolae_shop_behind_doors, nicolae_shop_trees, shop, shop,
          nicolae_shoals_lost_giant_baths, uniq_ilsuiw
Shoals:3: layout_shoals
Shoals:4: shoals_end_simple, layout_shoals, lemuel_centaur_altar
Snake:1:  layout_layer_cave
Snake:2:  layout_basic, serial_bayou_shore_b, nicolae_integral_box, uniq_vashnia
Snake:3:  layout_onion, serial_shops, nicolae_shop_mannequins, shop,
          nicolae_shop_pleasant_corner_grove, nicolae_snake_serpentine_bazaar
Snake:4:  grunt_snake_rune_serpentine_throne, layout_cave_town, uniq_roxanne,
          uniq_nikola, uniq_aizul
Slime:1:  layout_caves
Slime:2:  layout_caves, nicolae_slime_barrier
Slime:3:  layout_caves
Slime:4:  layout_caves
Slime:5:  slime_pit_nicolae_royal_road_to_ruin
Orc:1:    layout_caves, serial_shops, nicolae_shop_tiny_glass, library_closet
Orc:2:    st_orc_pillars, layout_caves, basic_altar, serial_shops,
          nicolae_shop_hallway_stairs
Elf:1:    nicolae_elf_arrival_aired_out, layout_loops_corners, serial_shops,
          nicolae_shop_peninsula, shop, nicolae_shop_advertising_works
          [nicolae_subvault_shop_adworks], hangedman_elf_represent
Elf:2:    nicolae_elf_blades_crystal_corner, layout_geoelf_grid
Elf:3:    minmay_elf_hall_not_hex, layout_geoelf_castle, serial_shops,
          nicolae_shop_real_fake_doors
Vaults:1: advil_vaults_ghost_guards, v_misc_33, nicolae_vaults_circle_grid_b,
          v_misc_1, nicolae_vaults_trapezoid_2,
          nicolae_vaults_closet_pinwheel_1, nicolae_vaults_border_crossing,
          nicolae_vaults_tangram_2, nicolae_vaults_trapezoid_lopsided_1,
          nicolae_vaults_taking_the_gang_shopping,
          nicolae_vaults_yaktaur_gun_rack, vaults_room_large_hall,
          hangedman_vaults_hard_town_square, nicolae_vaults_little_squares_2,
          layout_vaults_omnibox
Vaults:2: blue_anna_dwarven_crypt, gammafunk_dig_for_victory, vaults_dpeg_hooks,
          v_alt_pattern_5, v_misc_10, v_misc_12, vaults_dpeg_encased_lava,
          nicolae_vaults_double_plus_2, layout_vaults_omnigrid
Vaults:3: portal_desolation_entry_garden, grunt_vaults_twisty,
          hangedman_vaults_locks, nicolae_vaults_lightning_bolt,
          nicolae_vaults_minivaults, nicolae_vaults_layer_cake_slice,
          nicolae_vaults_tetromino_L_2, hangedman_vaults_stagger, v_misc_14,
          layout_vaults_omnicross
Vaults:4: st_lattice, v_misc_19, hangedman_vaults_nodes, v_pattern_1,
          grunt_vaults_hallway_short, nicolae_vaults_storage_closets_1,
          ontoclasm_vaults_gateway, nicolae_vaults_double_plus_1,
          minmay_orc_keep, nicolae_vaults_house_2, layout_vaults_maze_snakey,
          uniq_bai_suzhen
Vaults:5: serial_shops
Crypt:1:  layout_gridlike, serial_co_window_serial, co_window_paths_a,
          co_window_corner_a, co_window_corner_a, co_window_corner_a,
          co_window_paths_a, co_window_of_opportunity_b, co_window_2corner,
          co_window_broadway_a, co_window_corner_b, glass_columns_a,
          glass_columns_a, glass_columns_b, mu_enter_wizlab_1
Crypt:2:  layout_catacombs, basic_altar, uniq_josephina, uniq_margery,
          uniq_sojobo
Crypt:3:  evilmike_haunted_forest
Depths:1: layout_gridlike, nicolae_tso_swordbearing_angel,
          rand_demon_pan_entry_7, hell_entry, nicolae_twisting_strands,
          minmay_variable_closet, small_chamber_with_monster,
          minmay_misc_feat_encased, chequers_serial_rivers_micro_c,
          minmay_shop_grid_forest, hangedman_devilish_allure
Depths:2: minmay_open_boxes_in_corner, layout_gridlike, hellmouth_1,
          grunt_pan_entry_zigzag, hangedman_decor_lopped,
          nicolae_shop_i_like_big_books, nicolae_ru_sacrificial_ziggurat,
          minmay_staircase_bubble
Depths:3: lemuel_castle_with_subvaults [lemuel_castle_interior_carwin_2],
          layout_long_grid, serial_shops, nicolae_shop_rolling_square,
          grunt_decor_resistance, minmay_room_of_horrors, hell_entry,
          uniq_parghit
Depths:4: grunt_zot_entry_tricorne, layout_twisted_cross, enter_ziggurat_f,
          patterned_corridor, lightli_too_deep, minmay_shoptagon, uniq_mennas
Zot:1:    grunt_zot_stairs_mandelzot, layout_cellular_growth, zot_minivault_1,
          regret_index_zotdec_twisting_globes
Zot:2:    layout_misc_corridors, regret_index_zotdec_silver_v_v_loose,
          lemuel_flame_loot_1
Zot:3:    layout_gridlike, hangedman_zot_diagonal_lockstep, lemuel_elevator
Zot:4:    layout_misc_corridors
Zot:5:    layout_misc_corridors

Skill      XL: |  1  2  3  4  5  6  7  8  9 10 11 12 13 14 15 16 17 18 19 20 21 22 23 24 25 26 27 |
---------------+----------------------------------------------------------------------------------+-----
Long Blades    | 2 3 4 5 7 8 9 11 12 13 14 | 14.3
Fighting       | 4 5 6 7 8 9 10 11 12 14 16 20 | 20.0
Dodging        | 2 4 5 7 8 9 10 15 18 19 20 | 20.0
Evocations     | 1 4 |  4.0
Invocations    | 3 6 8 11 12 19 20 | 20.1
Armour         | 8 10 13 15 17 18 | 18.2
Shields        | 11 13 16 17 | 17.2
Spellcasting   | 5 6 10 | 10.0
Transmutations | 6 8 |  8.7
Summonings     | 10 14 15 | 15.0
Translocations | 5 14 15 | 15.0

Action                     |  1- 3 |  4- 6 |  7- 9 | 10-12 | 13-15 | 16-18 | 19-21 | 22-24 | 25-27 || total
---------------------------+-------+-------+-------+-------+-------+-------+-------+-------+-------++-------
  Melee: Long sword        |   137 |   195 |   266 |   867 |   112 |       |       |       |       ||  1577
         Demon blade       |       |       |       |       |  1052 |  1308 |   227 |       |   124 ||  2711
         Triple sword      |       |       |       |       |   189 |   268 |       |       |       ||   457
         Katana            |       |       |       |       |       |       |  1745 |  2517 |  1756 ||  6018
         Unarmed           |       |       |       |       |       |       |       |       |     2 ||     2
  Throw: Throwing net      |       |       |     2 |       |       |     1 |     3 |       |     2 ||     8
         Dart              |       |       |     4 |     5 |       |     9 |     3 |       |       ||    21
   Cast: Wereblood         |       |       |       |       |       |       |    31 |    76 |    61 ||   168
         Animate Armour    |       |       |       |       |       |       |     1 |       |       ||     1
         Malign Gateway    |       |       |       |       |       |       |       |       |    12 ||    12
         Summon Mana Viper |       |       |       |       |       |       |       |       |     1 ||     1
 Invoke: Heroism           |       |       |       |     3 |       |       |       |       |       ||     3
         Banish            |       |       |       |       |     7 |     7 |     1 |     2 |     2 ||    19
         Receive Weapon    |       |       |       |       |     1 |       |       |       |       ||     1
         Receive Armour    |       |       |       |       |     1 |       |       |       |       ||     1
         Corrupt           |       |       |       |       |     1 |       |     1 |     1 |     2 ||     5
         Brand Weapon With |       |       |       |       |       |     1 |       |       |       ||     1
         Depart the Abyss  |       |       |       |       |       |       |     1 |       |     1 ||     2
         Enter the Abyss   |       |       |       |       |       |       |     1 |       |     1 ||     2
  Evoke: Wand              |       |     8 |    25 |     5 |       |     4 |     1 |     3 |    14 ||    60
         Lightning rod     |       |       |       |     2 |     6 |     4 |       |       |       ||    12
         Phantom mirror    |       |       |       |       |       |       |       |       |     1 ||     1
    Use: Scroll            |     3 |     4 |     5 |    15 |    12 |     8 |     7 |     8 |    15 ||    77
         Potion            |       |     3 |     1 |     3 |     5 |     6 |     9 |    12 |    16 ||    55
   Stab: Paralysed         |       |       |     8 |    16 |       |       |       |       |       ||    24
         Sleeping          |       |       |       |     3 |     1 |     5 |     2 |     1 |     1 ||    13
         Invisible         |       |       |       |       |     3 |       |       |       |       ||     3
         Distracted        |       |       |       |       |     1 |     3 |     5 |     3 |     5 ||    17
         Held in net/web   |       |       |       |       |       |     1 |     2 |       |     5 ||     8
 Armour: Scale mail        |    78 |    85 |       |       |       |       |       |       |       ||   163
         Ring mail         |       |    53 |   106 |    64 |   385 |   587 |   554 |   655 |   552 ||  2956
         Acid dragon scale |       |       |       |   159 |    44 |       |       |       |       ||   203
         Skin              |       |       |       |       |     9 |       |       |       |     2 ||    11
  Dodge: Dodged            |    63 |   174 |   120 |   513 |   873 |  1158 |  1310 |  1483 |  1243 ||  6937
  Block: Buckler           |    82 |   159 |   106 |   451 |   488 |   689 |   569 |   750 |   532 ||  3826
         Reflection        |       |     1 |     3 |    20 |    17 |   114 |    23 |       |       ||   178
         Other             |       |       |       |       |    56 |    88 |       |       |       ||   144
         Kite shield       |       |       |       |       |       |       |       |       |   125 ||   125

Table legend: (Time is in decaauts)
 A = Elapsed time spent in this place.
 B = Non-inter-level travel time spent in this place.
 C = Inter-level travel time spent in this place.
 D = Time resting spent in this place.
 E = Time spent auto-exploring this place.
 F = Levels seen in this place.
 G = Mean time per level.
                   A        B        C        D        E       F      G
               +--------+--------+--------+--------+--------+-----+--------+
         Total |  75420 |  68990 |   6430 |  10963 |  40175 |  69 | 1093.0 |
       Dungeon |  19516 |  16660 |   2856 |   2135 |  10691 |  15 | 1301.1 |
        Temple |     35 |      2 |     33 |      0 |      0 |   1 |   35.0 |
          Lair |   7583 |   6657 |    926 |    183 |   4938 |   5 | 1516.6 |
        Shoals |   6249 |   5986 |    263 |   1392 |   3298 |   4 | 1562.2 |
     Snake Pit |   6826 |   6556 |    270 |    638 |   4729 |   4 | 1706.5 |
    Slime Pits |   3908 |   3669 |    239 |   1445 |   1317 |   5 |  781.6 |
  Orcish Mines |   2346 |   2106 |    240 |    664 |    862 |   2 | 1173.0 |
   Elven Halls |   3472 |   3242 |    230 |    236 |   2255 |   3 | 1157.3 |
        Vaults |   6523 |   6079 |    444 |    297 |   3599 |   5 | 1304.6 |
         Crypt |   3864 |   3572 |    292 |     42 |   2386 |   3 | 1288.0 |
        Depths |   9647 |   9138 |    509 |   2647 |   4837 |   4 | 2411.8 |
           Zot |   2354 |   2231 |    123 |    770 |    241 |   5 |  470.8 |
         Abyss |     43 |     43 |      0 |      0 |      0 |   3 |   14.3 |
      Ziggurat |    420 |    420 |      0 |    228 |      6 |   5 |   84.0 |
        Bailey |    425 |    425 |      0 |     29 |    133 |   1 |  425.0 |
      Ice Cave |    685 |    685 |      0 |    181 |    250 |   1 |  685.0 |
       Volcano |    324 |    324 |      0 |     76 |     83 |   1 |  324.0 |
        Wizlab |    573 |    573 |      0 |      0 |    231 |   1 |  573.0 |
    Desolation |    619 |    619 |      0 |      0 |    316 |   1 |  619.0 |
               +--------+--------+--------+--------+--------+-----+--------+

Top non-repeatable levels by time:
Depths:2: 2901 daAuts
Depths:3: 2663 daAuts
  Lair:5: 2415 daAuts
Depths:4: 2342 daAuts
 Snake:4: 2277 daAuts
     D:9: 2186 daAuts
     D:7: 2154 daAuts
Shoals:4: 2110 daAuts
    D:15: 1975 daAuts
Vaults:2: 1785 daAuts
Depths:1: 1739 daAuts
  Lair:1: 1729 daAuts
 Snake:3: 1726 daAuts
    D:13: 1632 daAuts
 Crypt:3: 1626 daAuts
